 Dungeon Crawl Stone Soup version 0.31-a0-632-g766dd24fdf (webtiles) character file.

Game seed: 18059784803195135081

2799 ytrimaz the Mimic (level 9, -3/67 HPs)
             Began as an Octopode Shapeshifter on Aug 25, 2023.
             Killed by divine providence
             ... invoked by an orc priest
              (11 damage)
             ... on level 7 of the Dungeon.
             The game lasted 00:09:49 (7128 turns).

ytrimaz the Mimic (Octopode Shapeshifter)           Turns: 7128, Time: 00:09:50

Health: -3/67      AC:  8    Str: 19 (21) XL:     9   Next: 71%
Magic:  9/9        EV: 25    Int:  9 (10) God:
Gold:   349        SH:  0    Dex: 14 (15) Spells: 8/8 levels left

rFire   . .          .
                       - Unarmed
rCold   . . .        (shield currently unavailable)
rNeg    . . .        (helmet currently unavailable)
rPois   +            s - amulet of the acrobat
rElec   .            u - ring of poison resistance
rCorr   .            (no ring)
SInv    .            (no ring)
Will    +....        (no ring)
Stlth   +            (no ring)
HPRegen 0.31/turn    (no ring)
MPRegen 0.11/turn    (no ring)
                     (no ring)

%: acrobat
@: confused, snake-form, acrobatic, attractive, enlightened, flying, studying
Maces & Flails
A: constrict, almost no armour, amphibious, 8 rings, large, (camouflage 1),
(gelatinous body 1), (nimble swimmer 1), (tentacles)
a: Begin Untransformation


You were on level 7 of the Dungeon.
You were an enormous anaconda.
You visited 2 branches of the dungeon, and saw 8 of its levels.

You collected 349 gold pieces.


Innate Abilities, Weirdness & Mutations

You are an enormous anaconda.
You have a powerful constriction melee attack.
Your armour is entirely melded.
You are incapable of wielding weapons or throwing items.
You cannot wear most types of armour.
You are amphibious.
You can wear up to eight rings at the same time.
((Your skin changes colour to match your surroundings (Stealth+).))
((Your rubbery body absorbs attacks. (AC +1, EV +1)))
((You are camouflaged when in or above water. (Stealth+)))
((You have tentacles for arms and can constrict up to eight enemies at once.))


   Skills:
 + Level 6.6 Fighting
 - Level 2.0 Dodging
 + Level 7.3 Unarmed Combat
 * Level 8.9 Shapeshifting


You had 8 spell levels left.
You didn't know any spells.
Your spell library contained the following spells:

 Spells                   Type           Power      Damage    Failure   Level
 Apportation              Tloc           0%         N/A       38%         1
 Necrotise                Necr           0%         1d4       38%         1
 Summon Small Mammal      Summ           0%         N/A       38%         1
 Ozocubu's Armour         Ice            0%         N/A       77%         3
 Vhi's Electric Charge    Tloc/Air       0%         N/A       77%         3
 Arcjolt                  Conj/Air       0%         1d10      100%        5
 Metabolic Englaciation   Hex/Ice        0%         N/A       100%        5
 Plasma Beam              Fire/Air       0%         2x1d10    100%        6
 Simulacrum               Ice/Necr       0%         N/A       100%        6

Inventory:

Missiles
 k - 15 poisoned darts
Jewellery
 s - an amulet of the acrobat (around neck)
   (You found it on level 5 of the Dungeon)
 u - a ring of poison resistance (left tentacle)
   (You found it on level 6 of the Dungeon)
Talismans
 b - a beast talisman
 c - a flux talisman
 g - a serpent talisman (active)
   (You found it on level 1 of the Dungeon)
Wands
 o - a wand of digging (6)
   (You found it on level 4 of the Dungeon)
 v - a wand of flame (7)
   (You took it off Blork the orc on level 6 of the Dungeon)
Scrolls
 a - 4 scrolls of fear
 e - 2 scrolls of teleportation
 f - a scroll of noise {unknown}
 h - a scroll of revelation {unknown}
 i - 5 scrolls of blinking
 j - 4 scrolls of identify {unknown}
 n - a scroll of immolation {unknown}
 t - a scroll of enchant armour {unknown}
Potions
 d - 3 potions of magic
 l - a potion of resistance

Dungeon Overview and Level Annotations

Branches:
Dungeon (7/15) Zot: 26938  Temple (1/1) D:6 Zot: 5998

Altars:
Cheibriados
Dithmenos
Elyvilon
Fedhas
Gozag
Hepliaklqana
Kikubaaqudgha
Makhleb
Okawaru
Ru
Sif Muna
Trog
Uskayaw
Xom
The Shining One
Lugonu

###################
..........ooS.#...##
##.###.##.##......###
#.##...........#
#..............#
#..#........<.##
#..#.#.......##
.........#...##
....#.#.#.######
..#.....#.#.#


You could see an orc priest and an orc wizard.


Message History

Maggie draws you further into her thrall.
Unknown command.
You hit Maggie. You grab Maggie. You constrict Maggie.
Maggie hits you with a +2 broad axe of draining.
You feel drained. 😎 HP[-1]
You now have 64 max hp (-1).
You hit Maggie but do no damage. You constrict Maggie, but do no damage.
Maggie hits you with a +2 broad axe of draining.
You feel drained. 😕 HP[-3]
You now have 63 max hp (-1).
You take 3 damage, and now have 61/63 hp.
You lash Maggie! You constrict Maggie. Maggie closely misses you.
You lash Maggie! You constrict Maggie!
Maggie points at you and mumbles some strange words.
The bolt of fire hits you!! 😮 HP[-28]
You take 28 damage, and now have 33/63 hp.
MASSIVE DAMAGE!! (PAUSE)
You hit Maggie. You constrict Maggie. Maggie barely misses you.
You hit Maggie but do no damage. You constrict Maggie.
Maggie hits you with a +2 broad axe of draining!
* * * LOW HITPOINT WARNING * * *
You feel drained.
* * * LOW HITPOINT WARNING * * *
😨 HP[-13]
You now have 60 max hp (-3).
You take 13 damage, and now have 20/60 hp.
MASSIVE DAMAGE!! (PAUSE)
You hit Maggie. You constrict Maggie! Maggie casts a spell at you.
The bolt of fire hits you!!
* * * LOW HITPOINT WARNING * * *
😱 HP[-18]
You take 18 damage, and now have 2/60 hp.
MASSIVE DAMAGE!! (PAUSE)
You lash Maggie!
You break out of your daze!
You kill Maggie!
Your life force feels restored. 😱 HP[+1]
You now have 67 max hp (+7).
Unknown command.
You start resting.
An orc wizard is nearby!
An orc priest comes into view.
It is wielding a +0 hand axe of freezing.
The orc wizard shouts!
The orc priest shouts! 😱 HP[+4]
You regained 4 hp, and now have 7/67 hp.
Unknown command.
The orc wizard casts a spell at you.
You easily resist.
Unknown command.
Okay, then.
Things that are here:
a +2 broad axe of draining; +0 acid dragon scales; the human corpse of Maggie 😱 HP[+1] Unknown command.
It was a potion of cancellation.
You feel magically purged.
You hit the orc priest but do no damage.
Your grab misses the orc priest.
The orc priest hits you with a +0 hand axe of freezing.
* * * LOW HITPOINT WARNING * * *
The orc priest freezes you.
* * * LOW HITPOINT WARNING * * *
😱 HP[-2]
You take 2 damage, and now have 6/67 hp.
Unknown command.
You hit the orc priest but do no damage.
You grab the orc priest.
You constrict the orc priest, but do no damage.
The orc wizard casts a spell at you.
You are confused. 😱 HP[+1] Unknown command.
It was a potion of attraction.
You feel attractive to monsters.
You constrict the orc priest, but do no damage.
The orc priest hits you but does no damage.
The orc wizard is attracted toward you.
Unknown command.
It was a potion of enlightenment.
You feel very buoyant.
You fly up into the air.
You constrict the orc priest.
The orc priest looks encouraged for a moment.
The orc wizard closely misses you.
Unknown command.
It was a potion of degeneration.
There was something very wrong with that liquid.
You feel weakened.
You feel dopey.
You feel clumsy.
You constrict the orc priest.
The orc priest hits you but does no damage.
The orc wizard closely misses you. 😱 HP[+1] Unknown command.
You release your grip on the orc priest.
The orc priest invokes the aid of Beogh against you.
Beogh smites you!
You die...

Skill      XL: |  1  2  3  4  5  6  7  8  9 |
---------------+----------------------------+-----
Fighting       | 2 3 4 6 |  6.6
Unarmed Combat | 4 5 6 7 |  7.3
Shapeshifting  | 4 5 6 8 |  8.9
Dodging        | |  2.0

Action                     |  1- 3 |  4- 6 |  7- 9 || total
---------------------------+-------+-------+-------++-------
  Melee: Unarmed           |    73 |    84 |   151 ||   308
         Constrict         |    20 |    23 |    30 ||    73
         Tentacles         |    16 |    13 |    16 ||    45
         Punch             |       |     2 |     4 ||     6
  Throw: Dart              |       |    11 |    14 ||    25
  Evoke: Wand              |       |     3 |     9 ||    12
    Use: Potion            |     3 |     2 |     5 ||    10
         Scroll            |       |     2 |     1 ||     3
   Stab: Sleeping          |     5 |     9 |     4 ||    18
 Armour: Skin              |    24 |     3 |    25 ||    52
  Dodge: Dodged            |    35 |    49 |    86 ||   170
   Form: Anaconda          |     1 |       |     1 ||     2
         Beast             |     1 |       |       ||     1

Levels and vault maps discovered:
D:1:      roderic_crop_circles_arrival_small, layout_loops_cross,
          solitary_fountain, minmay_misc_feat_diagonals, serial_park_tiny_1
D:2:      layout_loops_ring
D:3:      layout_basic, shapermc_ecumenical_altar_pompeii, uniq_pargi
D:4:      layout_gridville, lemuel_round_altar,
          mainiacjoe_overflow_six_doors_small, mainiacjoe_overflow_24_doors,
          nicolae_gozag_seed_capital, minmay_manual_mullet, uniq_ijyb,
          uniq_duvessa
D:5:      nicolae_cairo_tiling, layout_basic, mainiacjoe_overflow_brackets,
          chequers_serial_rivers_micro_b, minmay_misc_feat_x, uniq_edmund,
          uniq_eustachio
D:6:      layout_loops_cross, amcnicky_altar_gilded,
          mainiacjoe_overflow_divided_tiny, lemuel_temple_firewalk_a,
          uniq_pikel, uniq_blork_the_orc
D:7:      layout_loops_ring, zin_purify, vehumet_statue, minitemple,
          uniq_crazy_yiuf_cottage, uniq_maggie
Temple:   corrupted_temple

Notes
Turn   | Place    | Note
-------+----------+-------------------------------------------
     0 | D:1      | ytrimaz the Octopode Shapeshifter began the quest for the
                  | Orb.
     0 | D:1      | Reached XP level 1. HP: 13/13 MP: 1/1
     0 | D:1      | magus.rc [v1.9.6]
   204 | D:1      | Reached XP level 2. HP: 16/18 MP: 2/2
   315 | D:1      | You pick up a book of Cantrips and begin reading...
   315 | D:1      | You add the spells Necrotise, Summon Small Mammal and
                  | Apportation to your library.
   677 | D:1      | Reached XP level 3. HP: 9/24 MP: 3/3
   679 | D:1      | Reached skill level 2 in Fighting
   801 | D:2      | HP: 7/36 [poisoned by an adder]
  1032 | D:2      | You pick up a book of Winter and begin reading...
  1032 | D:2      | You add the spells Ozocubu's Armour, Metabolic Englaciation
                  | and Simulacrum to your library.
  1169 | D:2      | Reached XP level 4. HP: 29/29 MP: 4/4
  1510 | D:2      | You pick up a book of Lightning and begin reading...
  1510 | D:2      | You add the spells Vhi's Electric Charge, Arcjolt and
                  | Plasma Beam to your library.
  1851 | D:3      | Reached XP level 5. HP: 35/35 MP: 5/5
  1883 | D:3      | Reached skill level 4 in Unarmed Combat
  1883 | D:3      | Reached skill level 4 in Shapeshifting
  2097 | D:3      | Identified the +1 whip of Estretof {freeze, rN+ rCorr MP+9
                  | Int-2}
  2129 | D:3      | Noticed Pargi
  2289 | D:3      | Found a faded altar of an unknown god.
  2462 | D:3      | Killed Pargi
  2463 | D:3      | Reached skill level 3 in Fighting
  2463 | D:3      | Reached XP level 6. HP: 37/42 MP: 6/6
  2619 | D:4      | Noticed Ijyb
  2637 | D:4      | Killed Ijyb
  2941 | D:4      | Found a hide-covered altar of Uskayaw.
  2946 | D:4      | Reached skill level 5 in Shapeshifting
  3008 | D:4      | Noticed Duvessa
  3008 | D:4      | Noticed Dowan
  3011 | D:4      | Killed Duvessa
  3012 | D:4      | Reached XP level 7. HP: 47/47 MP: 7/7
  3016 | D:4      | Killed Dowan
  3018 | D:4      | Reached skill level 4 in Fighting
  3018 | D:4      | Reached skill level 5 in Unarmed Combat
  3312 | D:4      | Found a shimmering altar of Xom.
  3330 | D:4      | Found an iron altar of Okawaru.
  3385 | D:4      | Found an opulent altar of Gozag.
  3770 | D:5      | Entered Level 5 of the Dungeon
  3814 | D:5      | Reached skill level 6 in Shapeshifting
  4078 | D:5      | Noticed Eustachio
  4093 | D:5      | Killed Eustachio
  4094 | D:5      | Reached XP level 8. HP: 32/54 MP: 8/8
  4293 | D:5      | Found a sacrificial altar of Ru.
  4314 | D:5      | Noticed Edmund
  4319 | D:5      | HP: 13/54 [Edmund/+5 dire flail of holy wrath (10)]
  4320 | D:5      | HP: 3/54 [Edmund/+5 dire flail of holy wrath (10)]
  4321 | D:5      | Killed Edmund
  4944 | D:5      | Reached skill level 5 in Fighting
  5112 | D:5      | Reached skill level 7 in Shapeshifting
  5306 | D:5      | Reached skill level 6 in Unarmed Combat
  5319 | D:5      | HP: 13/55 [gnoll/+0 spear[a gnoll sergeant] (9)]
  5616 | D:6      | HP: 14/56 [scorpion (7)]
  5798 | D:6      | Found a bloodstained altar of Trog.
  5941 | D:6      | Noticed Pikel
  5970 | D:6      | Killed Pikel
  5971 | D:6      | Reached skill level 6 in Fighting
  5971 | D:6      | Reached skill level 8 in Shapeshifting
  5971 | D:6      | Reached XP level 9. HP: 27/62 MP: 9/9
  6159 | D:6      | Noticed Blork the orc
  6174 | D:6      | Found a blossoming altar of Fedhas.
  6174 | D:6      | Found a burning altar of Makhleb.
  6547 | D:6      | Reached skill level 7 in Unarmed Combat
  6643 | D:6      | Found a staircase to the Ecumenical Temple.
  6652 | Temple   | Entered the Ecumenical Temple
  6928 | D:6      | Killed Blork the orc
  7079 | D:7      | Noticed Maggie
  7104 | D:7      | HP: 2/60 [Maggie/bolt of fire (18)]
  7105 | D:7      | Killed Maggie
  7123 | D:7      | HP: 7/67 [orc priest/+0 hand axe of freezing (1)]
  7128 | D:7      | Killed from afar by an orc priest

Vanquished Creatures
  Pikel (D:6)
  Maggie (D:7)
  Eustachio (D:5)
  Edmund (D:5)
  Duvessa (D:4)
  A sky beast (D:6)
  Pargi (D:3)
  An ice beast (D:6)
  A black bear (D:6)
  An ogre (D:5)
  A centaur (D:6)
  2 lemures (D:6)
  A phantom (D:5)
  A kobold brigand (D:6)
  Blork the orc (D:6)
  A gnoll sergeant (D:5)
  3 scorpions
  Dowan (D:4)
  6 hounds
  3 jellies
  2 orc priests
  An iguana (D:4)
  A sleepcap (D:6)
  Ijyb (D:4)
  An orc wizard (D:5)
  10 adders
  8 gnolls
  2 white imps
  A worm (D:3)
  2 dart slugs
  7 orcs
  5 endoplasms
  2 giant cockroaches (D:1)
  7 hobgoblins
  8 jackals
  13 kobolds
  5 quokkas
  2 ball pythons
  5 bats
  4 frilled lizards
  5 goblins
  4 rats
126 creatures vanquished.

Table legend:
 A = Non-vault XP
 B = Vault XP
 C = Vault XP percentage of total XP
 D = Non-vault monster count
 E = Vault monster count
 F = Vault count percentage of total count
                 A         B        C        D         E       F
            +---------+---------+-------+---------+---------+-------
      Total |    2105 |    1894 |  47.4 |     113 |      11 |   8.9
            +---------+---------+-------+---------+---------+-------
        D:1 |      38 |       0 |   0.0 |      21 |       0 |   0.0
        D:2 |      54 |       0 |   0.0 |      23 |       0 |   0.0
        D:3 |     142 |     130 |  47.8 |      22 |       1 |   4.3
        D:4 |     280 |     271 |  49.2 |      11 |       5 |  31.2
        D:5 |     660 |     372 |  36.0 |      19 |       2 |   9.5
        D:6 |     931 |     732 |  44.0 |      17 |       2 |  10.5
        D:7 |       0 |     389 | 100.0 |       0 |       1 | 100.0
            +---------+---------+-------+---------+---------+-------

Skill      XL: |  1  2  3  4  5  6  7  8  9 |
---------------+----------------------------+-----
Fighting       | 2 3 4 6 |  6.6
Unarmed Combat | 4 5 6 7 |  7.3
Shapeshifting  | 4 5 6 8 |  8.9
Dodging        | |  2.0

Action                     |  1- 3 |  4- 6 |  7- 9 || total
---------------------------+-------+-------+-------++-------
  Melee: Unarmed           |    73 |    84 |   151 ||   308
         Constrict         |    20 |    23 |    30 ||    73
         Tentacles         |    16 |    13 |    16 ||    45
         Punch             |       |     2 |     4 ||     6
  Throw: Dart              |       |    11 |    14 ||    25
  Evoke: Wand              |       |     3 |     9 ||    12
    Use: Potion            |     3 |     2 |     5 ||    10
         Scroll            |       |     2 |     1 ||     3
   Stab: Sleeping          |     5 |     9 |     4 ||    18
 Armour: Skin              |    24 |     3 |    25 ||    52
  Dodge: Dodged            |    35 |    49 |    86 ||   170
   Form: Anaconda          |     1 |       |     1 ||     2
         Beast             |     1 |       |       ||     1

Illustrated notes

Table legend:
 A = Kills in this place as a percentage of kills in the entire game.
 B = Kills by you in this place as a percentage of kills by you in the entire game.
 C = Kills by friends in this place as a percentage of kills by friends in the entire game.
 D = Other kills in this place as a percentage of other kills in the entire game.
 E = Experience gained in this place as a percentage of experience gained in the entire game.
 F = Experience gained in this place divided by the number of levels of this place that you have seen.
                   A       B       C       D       E      F
               +-------+-------+-------+-------+-------+----------------------
         Total | 100.0 | 100.0 |   N/A |   N/A | 100.0 | 499.9
       Dungeon | 100.0 | 100.0 |   N/A |   N/A | 100.0 | 571.3
               +-------+-------+-------+-------+-------+----------------------

Table legend: (Time is in decaauts)
 A = Elapsed time spent in this place.
 B = Non-inter-level travel time spent in this place.
 C = Inter-level travel time spent in this place.
 D = Time resting spent in this place.
 E = Time spent auto-exploring this place.
 F = Levels seen in this place.
 G = Mean time per level.
                   A        B        C        D        E       F      G
               +--------+--------+--------+--------+--------+-----+--------+
         Total |   7111 |   6841 |    270 |    376 |   5194 |   8 |  888.9 |
       Dungeon |   7109 |   6839 |    270 |    376 |   5194 |   7 | 1015.6 |
        Temple |      1 |      1 |      0 |      0 |      0 |   1 |    1.0 |
               +--------+--------+--------+--------+--------+-----+--------+

Top non-repeatable levels by time:
     D:5: 1783 daAuts
     D:6: 1507 daAuts
     D:4: 1254 daAuts
     D:3: 969 daAuts
     D:2: 767 daAuts
     D:1: 766 daAuts
     D:7: 60 daAuts
  Temple: 1 daAuts
